[ AOE2 MATCH · #505632390 ]
UnrankedPortuguese vs Byzantines
Player's team · LOSS
[ REPLAY ANALYSIS · EXTRACTED FROM THE RECORDED GAME ]
Feudal
10:33
Castle
21:59
Imperial
28:53
| APM avg | 58.4 |
| APM peak | 198 |
| eAPM avg | 34.2 |
| Villagers / military | 130 / 43 |
Focus
⚔️ 28.8% · 🌾 71.2%
Scout Cavalry ×24 · Bombard Cannon ×13 · Trebuchet (Packed) ×4 · Organ Gun ×2
Feudal
8:50
Castle
20:47
Imperial
27:22
| APM avg | 47.0 |
| APM peak | 105 |
| eAPM avg | 23.3 |
| Villagers / military | 123 / 70 |
Focus
⚔️ 35.8% · 🌾 64.2%
Monk ×48 · Mangonel ×10 · Trebuchet (Packed) ×9 · Cataphract ×3
Match map
Initial resources + every placement click. Lines = walls · curves = elevation contours. ◆ gold · ⬟ stone · ● berries · ✦ relic · ◌ wall gap
Your base· ✓ Closed at 21:59 · 5t walls · 2 gate(s)
catorce's base· ✓ Closed at 20:47 · 26t walls · 2 gate(s)
Smoothed initial terrain · ◌ = detected wall gap · hover for details
Inputs per minute
— Jahhed - - catorce
Build order — Jahhed
First 150 of 304 actions detected
| 0:01 | Queue | Villager (Male) |
| 0:01 | Queue | Villager (Male) |
| 0:01 | Queue | Villager (Male) |
| 0:02 | Build | House |
| 0:04 | Build | House |
| 0:07 | Queue | Villager (Male) |
| 1:26 | Queue | Villager (Male) |
| 1:26 | Queue | Villager (Male) |
| 1:52 | Build | Lumber Camp |
| 1:59 | Queue | Villager (Male) |
| 2:18 | Queue | Villager (Male) |
| 2:46 | Queue | Villager (Male) |
| 2:46 | Queue | Villager (Male) |
| 3:15 | Queue | Villager (Male) |
| 3:15 | Queue | Villager (Male) |
| 3:45 | Queue | Villager (Male) |
| 3:50 | Build | House |
| 4:06 | Queue | Villager (Male) |
| 4:06 | Queue | Villager (Male) |
| 4:28 | Queue | Villager (Male) |
| 4:29 | Queue | Villager (Male) |
| 4:58 | Queue | Villager (Male) |
| 4:58 | Queue | Villager (Male) |
| 4:59 | Queue | Villager (Male) |
| 5:32 | Build | House |
| 5:36 | Queue | Villager (Male) |
| 5:36 | Queue | Villager (Male) |
| 5:36 | Queue | Villager (Male) |
| 6:05 | Queue | Villager (Male) |
| 6:10 | Queue | Villager (Male) |
| 6:11 | Queue | Villager (Male) |
| 6:11 | Queue | Villager (Male) |
| 6:12 | Queue | Villager (Male) |
| 6:12 | Queue | Villager (Male) |
| 6:13 | Queue | Villager (Male) |
| 6:21 | Build | Mill |
| 6:43 | Queue | Villager (Male) |
| 6:51 | Build | Farm |
| 6:53 | Build | Farm |
| 6:54 | Queue | Villager (Male) |
| 7:01 | Build | Farm |
| 7:18 | Queue | Villager (Male) |
| 7:50 | Queue | Villager (Male) |
| 8:18 | Research | Feudal Age |
| 8:28 | Build | Mining Camp |
| 10:33 | Age | Feudal Age |
| 10:37 | Research | Loom |
| 10:37 | Research | Loom |
| 10:37 | Queue | Villager (Male) |
| 10:37 | Queue | Villager (Male) |
| 10:38 | Queue | Villager (Male) |
| 11:05 | Queue | Villager (Male) |
| 11:22 | Queue | Villager (Male) |
| 11:33 | Queue | Villager (Male) |
| 11:48 | Queue | Villager (Male) |
| 12:06 | Build | Mill |
| 12:08 | Research | Double-Bit Axe |
| 12:09 | Research | Double-Bit Axe |
| 12:39 | Queue | Villager (Male) |
| 12:43 | Research | Horse Collar |
| 12:43 | Research | Horse Collar |
| 13:16 | Build | Watch Tower |
| 13:24 | Queue | Villager (Male) |
| 13:36 | Queue | Villager (Male) |
| 14:03 | Queue | Villager (Male) |
| 14:41 | Build | Farm |
| 14:42 | Queue | Villager (Male) |
| 14:44 | Build | Farm |
| 14:49 | Build | Farm |
| 14:57 | Build | Mining Camp |
| 15:01 | Build | Farm |
| 15:10 | Build | House |
| 15:14 | Research | Wheelbarrow |
| 15:30 | Build | Palisade Wall |
| 15:32 | Build | Palisade Wall |
| 15:33 | Build | Palisade Wall |
| 15:34 | Build | Palisade Wall |
| 15:35 | Build | Palisade Wall |
| 15:54 | Build | Farm |
| 16:24 | Queue | Villager (Male) |
| 16:25 | Queue | Villager (Male) |
| 16:50 | Queue | Villager (Male) |
| 16:56 | Build | Farm |
| 17:01 | Queue | Villager (Male) |
| 17:08 | Build | Blacksmith |
| 17:16 | Queue | Villager (Male) |
| 17:29 | Queue | Villager (Male) |
| 17:33 | Build | House |
| 17:38 | Build | Market |
| 17:50 | Build | House |
| 17:56 | Research | Gold Mining |
| 18:48 | Queue | Villager (Male) |
| 19:19 | Research | Castle Age |
| 19:19 | Research | Castle Age |
| 19:29 | Research | Stone Mining |
| 19:29 | Research | Stone Mining |
| 21:59 | Age | Castle Age |
| 22:01 | Queue | Villager (Male) |
| 22:04 | Build | Farm |
| 22:09 | Build | Farm |
| 22:15 | Build | House |
| 22:17 | Build | House |
| 22:18 | Build | Palisade Wall |
| 22:28 | Build | Palisade Wall |
| 22:29 | Queue | Villager (Male) |
| 22:31 | Queue | Villager (Male) |
| 22:47 | Queue | Villager (Male) |
| 22:51 | Build | Lumber Camp |
| 23:03 | Queue | Villager (Male) |
| 23:07 | Queue | Villager (Male) |
| 23:11 | Build | Castle |
| 23:28 | Build | Farm |
| 23:32 | Build | Farm |
| 24:00 | Build | Town Center |
| 24:27 | Queue | Villager (Male) |
| 24:35 | Build | Town Center |
| 24:46 | Queue | Villager (Male) |
| 25:20 | Queue | Villager (Male) |
| 25:43 | Research | Imperial Age |
| 25:43 | Research | Imperial Age |
| 25:48 | Queue | Villager (Male) |
| 25:51 | Build | Farm |
| 25:52 | Queue | Villager (Male) |
| 25:56 | Queue | Villager (Male) |
| 26:01 | Build | Farm |
| 26:08 | Build | Farm |
| 26:11 | Queue | Villager (Male) |
| 26:20 | Build | Farm |
| 26:25 | Queue | Organ Gun |
| 26:30 | Queue | Organ Gun |
| 26:34 | Queue | Villager (Male) |
| 26:36 | Queue | Villager (Male) |
| 26:39 | Build | Farm |
| 26:50 | Build | Farm |
| 26:54 | Queue | Villager (Male) |
| 27:06 | Queue | Villager (Male) |
| 27:08 | Queue | Villager (Male) |
| 27:20 | Research | Fletching |
| 27:20 | Research | Fletching |
| 27:27 | Queue | Villager (Male) |
| 27:41 | Queue | Villager (Male) |
| 27:50 | Queue | Villager (Male) |
| 27:56 | Queue | Villager (Male) |
| 28:15 | Queue | Villager (Male) |
| 28:18 | Queue | Villager (Male) |
| 28:19 | Queue | Villager (Male) |
| 28:53 | Age | Imperial Age |
| 28:55 | Research | Bodkin Arrow |
| 28:56 | Queue | Trebuchet (Packed) |
| 29:00 | Queue | Villager (Male) |
Build order — catorce
First 150 of 324 actions detected
| 0:00 | Queue | Villager (Male) |
| 0:00 | Queue | Villager (Male) |
| 0:01 | Queue | Villager (Male) |
| 0:01 | Queue | Villager (Male) |
| 0:02 | Build | House |
| 0:04 | Build | House |
| 1:24 | Queue | Villager (Male) |
| 1:24 | Queue | Villager (Male) |
| 1:57 | Queue | Villager (Male) |
| 1:57 | Queue | Villager (Male) |
| 1:57 | Queue | Villager (Male) |
| 2:09 | Build | Lumber Camp |
| 2:18 | Queue | Villager (Male) |
| 2:19 | Queue | Villager (Male) |
| 2:47 | Queue | Villager (Male) |
| 3:07 | Queue | Villager (Male) |
| 3:08 | Queue | Villager (Male) |
| 3:50 | Build | House |
| 4:00 | Queue | Villager (Male) |
| 4:00 | Queue | Villager (Male) |
| 4:40 | Queue | Villager (Male) |
| 5:13 | Queue | Villager (Male) |
| 5:46 | Queue | Villager (Male) |
| 6:04 | Research | Loom |
| 6:06 | Build | Mining Camp |
| 6:38 | Research | Feudal Age |
| 6:57 | Build | House |
| 7:19 | Queue | Villager (Male) |
| 8:50 | Age | Feudal Age |
| 8:58 | Queue | Villager (Male) |
| 9:01 | Queue | Villager (Male) |
| 9:10 | Build | Outpost |
| 9:13 | Research | Double-Bit Axe |
| 9:14 | Queue | Villager (Male) |
| 9:46 | Queue | Villager (Male) |
| 10:15 | Build | Watch Tower |
| 10:21 | Queue | Villager (Male) |
| 10:43 | Queue | Villager (Male) |
| 11:06 | Build | Palisade Wall |
| 11:08 | Build | Palisade Wall |
| 11:10 | Build | Palisade Wall |
| 11:14 | Queue | Villager (Male) |
| 11:17 | Build | Mill |
| 11:26 | Build | Palisade Wall |
| 11:28 | Build | Palisade Wall |
| 11:51 | Build | Farm |
| 12:05 | Queue | Villager (Male) |
| 12:05 | Queue | Villager (Male) |
| 12:11 | Build | Palisade Wall |
| 12:20 | Build | Farm |
| 12:23 | Build | Farm |
| 12:24 | Build | Farm |
| 12:25 | Build | Farm |
| 12:37 | Build | House |
| 12:41 | Build | Stone Wall |
| 12:42 | Build | Stone Wall |
| 12:42 | Build | Stone Wall |
| 12:51 | Build | Watch Tower |
| 12:52 | Queue | Villager (Male) |
| 13:09 | Queue | Villager (Male) |
| 13:36 | Queue | Villager (Male) |
| 13:42 | Build | Stone Wall |
| 13:45 | Build | Palisade Wall |
| 13:48 | Build | Palisade Wall |
| 13:53 | Queue | Villager (Male) |
| 13:55 | Build | Farm |
| 13:57 | Build | Farm |
| 14:17 | Build | Palisade Wall |
| 14:20 | Build | Palisade Wall |
| 14:22 | Build | Palisade Wall |
| 14:23 | Build | Palisade Wall |
| 14:27 | Queue | Villager (Male) |
| 14:28 | Build | Farm |
| 14:30 | Queue | Villager (Male) |
| 14:39 | Build | House |
| 14:46 | Queue | Villager (Male) |
| 14:49 | Build | Farm |
| 14:51 | Queue | Villager (Male) |
| 15:14 | Queue | Villager (Male) |
| 15:16 | Build | Farm |
| 15:56 | Queue | Villager (Male) |
| 16:08 | Build | Palisade Wall |
| 16:11 | Build | Palisade Wall |
| 16:14 | Build | Palisade Wall |
| 16:19 | Queue | Villager (Male) |
| 16:29 | Build | Palisade Wall |
| 16:37 | Queue | Villager (Male) |
| 16:38 | Build | Palisade Wall |
| 16:40 | Build | Palisade Wall |
| 16:42 | Build | Palisade Wall |
| 16:50 | Build | Market |
| 16:55 | Queue | Villager (Male) |
| 17:40 | Build | Blacksmith |
| 17:57 | Build | Outpost |
| 18:00 | Build | House |
| 18:07 | Research | Castle Age |
| 18:25 | Build | Outpost |
| 18:56 | Build | Palisade Wall |
| 19:00 | Build | Palisade Wall |
| 19:04 | Build | Palisade Wall |
| 19:05 | Build | Palisade Wall |
| 19:07 | Build | Palisade Wall |
| 19:08 | Build | Palisade Wall |
| 19:18 | Build | Stone Wall |
| 19:23 | Build | Outpost |
| 20:35 | Build | House |
| 20:47 | Age | Castle Age |
| 20:53 | Build | Palisade Wall |
| 20:54 | Build | Palisade Wall |
| 20:56 | Build | Palisade Wall |
| 20:57 | Build | Palisade Wall |
| 21:02 | Build | Castle |
| 21:03 | Queue | Villager (Male) |
| 21:08 | Build | Monastery |
| 21:15 | Queue | Villager (Male) |
| 21:19 | Queue | Villager (Male) |
| 21:33 | Queue | Villager (Male) |
| 21:39 | Build | House |
| 21:46 | Queue | Monk |
| 21:58 | Queue | Villager (Male) |
| 22:18 | Build | Farm |
| 22:27 | Queue | Villager (Male) |
| 22:34 | Build | Mining Camp |
| 22:54 | Queue | Villager (Male) |
| 24:12 | Research | Imperial Age |
| 24:25 | Queue | Monk |
| 24:39 | Queue | Villager (Male) |
| 25:10 | Build | Monastery |
| 25:15 | Research | Horse Collar |
| 25:20 | Research | Gold Mining |
| 25:44 | Research | Sanctity |
| 25:46 | Queue | Villager (Male) |
| 25:48 | Build | Monastery |
| 26:09 | Build | Siege Workshop |
| 26:13 | Queue | Monk |
| 26:13 | Queue | Monk |
| 26:36 | Build | Lumber Camp |
| 26:45 | Research | Bow Saw |
| 26:47 | Queue | Villager (Male) |
| 26:48 | Queue | Monk |
| 26:48 | Queue | Monk |
| 27:22 | Age | Imperial Age |
| 27:26 | Queue | Trebuchet (Packed) |
| 27:26 | Queue | Trebuchet (Packed) |
| 27:27 | Queue | Villager (Male) |
| 27:32 | Build | House |
| 27:57 | Queue | Mangonel |
| 27:57 | Queue | Mangonel |
| 27:59 | Queue | Villager (Male) |
| 28:27 | Research | Block Printing |
Match timeline
| 8:50 | catorce · age_up feudal |
| 10:33 | Jahhed · age_up feudal |
| 11:06 | catorce · wall_segment Palisade Wall x1 |
| 11:08 | catorce · wall_segment Palisade Wall x1 |
| 11:10 | catorce · wall_segment Palisade Wall x1 |
| 11:26 | catorce · wall_segment Palisade Wall x1 |
| 11:28 | catorce · wall_segment Palisade Wall x1 |
| 12:11 | catorce · wall_segment Palisade Wall x1 |
| 12:41 | catorce · wall_segment Stone Wall x1 |
| 12:42 | catorce · wall_segment Stone Wall x1 |
| 12:42 | catorce · wall_segment Stone Wall x1 |
| 13:42 | catorce · wall_segment Stone Wall x1 |
| 13:45 | catorce · wall_segment Palisade Wall x1 |
| 13:48 | catorce · wall_segment Palisade Wall x1 |
| 14:17 | catorce · wall_segment Palisade Wall x1 |
| 14:20 | catorce · wall_segment Palisade Wall x1 |
| 14:22 | catorce · wall_segment Palisade Wall x1 |
| 14:23 | catorce · wall_segment Palisade Wall x1 |
| 15:30 | Jahhed · wall_segment Palisade Wall x1 |
| 15:32 | Jahhed · wall_segment Palisade Wall x1 |
| 15:33 | Jahhed · wall_segment Palisade Wall x1 |
| 15:34 | Jahhed · wall_segment Palisade Wall x1 |
| 15:35 | Jahhed · wall_segment Palisade Wall x1 |
| 16:08 | catorce · wall_segment Palisade Wall x1 |
| 16:11 | catorce · wall_segment Palisade Wall x1 |
| 16:14 | catorce · wall_segment Palisade Wall x1 |
| 16:29 | catorce · wall_segment Palisade Wall x1 |
| 16:38 | catorce · wall_segment Palisade Wall x1 |
| 16:40 | catorce · wall_segment Palisade Wall x1 |
| 16:42 | catorce · wall_segment Palisade Wall x1 |
| 18:56 | catorce · wall_segment Palisade Wall x1 |
| 19:00 | catorce · wall_segment Palisade Wall x2 |
| 19:04 | catorce · wall_segment Palisade Wall x1 |
| 19:05 | catorce · wall_segment Palisade Wall x1 |
| 19:07 | catorce · wall_segment Palisade Wall x1 |
| 19:08 | catorce · wall_segment Palisade Wall x1 |
| 19:18 | catorce · wall_segment Stone Wall x1 |
| 20:47 | catorce · age_up castle |
| 20:53 | catorce · wall_segment Palisade Wall x1 |
| 20:54 | catorce · wall_segment Palisade Wall x1 |
| 20:56 | catorce · wall_segment Palisade Wall x1 |
| 20:57 | catorce · wall_segment Palisade Wall x1 |
| 21:02 | catorce · first_building Castle |
| 21:08 | catorce · first_building Monastery |
| 21:45 | catorce · first_market_sell 100 food |
| 21:59 | Jahhed · age_up castle |
| 22:18 | Jahhed · wall_segment Palisade Wall x1 |
| 22:28 | Jahhed · wall_segment Palisade Wall x1 |
| 23:11 | Jahhed · first_building Castle |
| 26:01 | catorce · first_market_buy 100 wood |
| 26:09 | catorce · first_building Siege Workshop |
| 27:22 | catorce · age_up imperial |
| 28:53 | Jahhed · age_up imperial |
| 31:55 | Jahhed · first_market_sell 100 wood |
| 32:02 | Jahhed · first_market_buy 100 stone |
| 33:09 | Jahhed · first_building Siege Workshop |
| 37:03 | Jahhed · first_building Barracks |
| 38:27 | Jahhed · first_building Stable |
| 49:08 | Jahhed · resign |
[ AI ANALYSIS · 1 CREDIT ]
What really happened in this match?
Wolo.gg analyzes every decision: build order, eco, micro, common mistakes by bracket. Personalized analysis on WhatsApp or Discord in 30 seconds.
Civ guide
Portuguese
Perfil
Jugador #25641411